 Dungeon Crawl Stone Soup version 0.32-a0-571-gec57dfcd37 (webtiles) character file.

Game seed: 17228191258897442529

24752 jasper the Warrior (level 13, -4/154 HPs)
             Began as an Oni Cinder Acolyte on Feb 29, 2024.
             Was a Priest of Okawaru.
             Slain by a catoblepas (25 damage)
             ... anointed by Ignis
             ... on level 1 of the Lair of Beasts.
             The game lasted 00:24:59 (14443 turns).

jasper the Warrior (Oni Cinder Acolyte)            Turns: 14443, Time: 00:25:00

Health: -4/154     AC: 14    Str: 25    XL:     13   Next: 15%
Magic:  15/15      EV:  9    Int: 15    God:    Okawaru [***...]
Gold:   1029       SH:  0    Dex:  4    Spells: 14/14 levels left

rFire   . . .        T - +1 trident (venom)
rCold   . . .        (no shield)
rNeg    . . .        z - +0 acid dragon scales
rPois   .            w - +2 hat {Stlth+}
rElec   .            q - +2 cloak
rCorr   +            (gloves unavailable)
SInv    .            (boots unavailable)
Will    +....        m - amulet of regeneration
Stlth   +            H - ring of protection from fire
HPRegen 1.25/turn    (no ring)
MPRegen 0.14/turn

%: no passive effects
@: fire susceptible
A: large, unfitting armour, horns 1, tough skin 1, double potion healing,
drunken brawling
a: Renounce Religion, Heroism


You were on level 1 of the Lair of Beasts.
You worshipped Okawaru.
Okawaru was most pleased with you.
You visited 2 branches of the dungeon, and saw 15 of its levels.

You collected 1101 gold pieces.
You spent 72 gold pieces at shops.

Inventory:

Hand Weapons
 a - a -1 spear of flaming
 h - a +0 halberd
 t - a +1 trident
 E - a +0 glaive
 F - a +1 spear of venom
 K - a +2 antimagic spear
 T - a +1 trident of venom (weapon)
Missiles
 f - 22 poisoned darts
 i - 4 throwing nets
 k - 11 large rocks
 l - 4 boomerangs (quivered)
 o - 110 stones
 u - 3 javelins
Armour
 b - a +0 robe
 q - a +2 cloak (worn)
 v - a scarf of resistance
 w - a +2 hat of stealth (worn)
 z - +0 acid dragon scales (worn)
 G - a +0 buckler
 Q - a +0 troll leather armour
Jewellery
 e - an amulet of magic regeneration
 m - an amulet of regeneration (around neck)
 H - a ring of protection from fire (left hand)
 M - a ring of willpower
 O - the amulet of Feetrak {Faith rElec rN+ Regen+ Dex-5}
   (You found it on level 12 of the Dungeon)

   [amulet of faith]

   Faith:     It allows you to gain divine favour quickly.
   Dex-5:     It affects your dexterity (-5).
   rElec:     It insulates you from electricity.
   rN+:       It protects you from negative energy.
   Regen+:    It increases your rate of health regeneration.
Wands
 n - a wand of flame (36)
 B - a wand of paralysis (11)
 R - a wand of polymorph (3)
Scrolls
 d - 5 scrolls of vulnerability
 j - 5 scrolls of immolation
 p - 4 scrolls of teleportation
 s - a scroll of amnesia
 y - a scroll of enchant armour
 A - a scroll of blinking
 D - a scroll of revelation
 S - 2 scrolls of identify
Potions
 c - 2 potions of magic
 g - 3 potions of haste
 r - 4 potions of mutation
 x - a potion of lignification
 C - a potion of resistance {unknown}
 I - 3 potions of invisibility {unknown}
 J - a potion of degeneration {unknown}
 L - 2 potions of heal wounds {unknown}
 N - a potion of curing
 P - 2 potions of enlightenment {unknown}


   Skills:
 + Level 16.8 Fighting
 - Level 14.0 Polearms
 + Level 7.8 Throwing
 + Level 7.1 Armour
 - Level 1.2 Spellcasting
 - Level 2.6 Fire Magic
 - Level 3.0 Invocations


You had 14 spell levels left.
You didn't know any spells.
Your spell library contained the following spells:

 Spells                   Type           Power      Damage    Failure   Level
 Scorch                   Fire           16%        2d5       14%         2
 Sandblast                Erth           0%         2d4       28%         1
 Sting                    Conj/Alch      0%         1d3       28%         1
 Mercury Vapours          Alch/Air       0%         N/A       41%         2
 Passwall                 Erth           0%         N/A       65%         3
 Stone Arrow              Conj/Erth      0%         3d7       65%         3
 Ignite Poison            Fire/Alch      4%         N/A       86%         4
 Sticky Flame             Fire/Alch      4%         2d4       86%         4
 Brom's Barrelling Bould  Conj/Erth      0%         2d3       96%         4
 Olgreb's Toxic Radiance  Alch           0%         N/A       96%         4
 Conjure Ball Lightning   Conj/Air       0%         3x3d6     100%        6
 Discord                  Hex            0%         N/A       100%        8
 Disjunction              Tloc           0%         N/A       100%        8
 Ignition                 Fire           4%         3d4       100%        8


Dungeon Overview and Level Annotations

Branches:
Dungeon (13/15)            Temple (0/1) D:4            Lair (2/5) D:10
    Orc (0/2) D:11
  Swamp: Lair:2-3    Shoals: Lair:2-3     Snake: Lair:2-3    Spider: Lair:2-3
 Vaults: D:13-14

Altars:
Hepliaklqana
Makhleb
Nemelex Xobeh
Okawaru
Ru
Sif Muna
Beogh

Shops:
D:3 *   D:8 *

Portals:
Trove: D:10 (give +4 ice dragon scales)


Innate Abilities, Weirdness & Mutations

You are too large for most types of armour.
You have a pair of small horns on your head.
You have tough skin. (AC +1)
You gain doubled healing and magic from potions.
Whenever you drink a healing potion, you attack all around you.


Message History

The catoblepas gores you.
You are engulfed in flames!!
The catoblepas breathes a plume of calcifying dust at you.
The blast of calcifying dust hits you.
You are engulfed in calcifying dust.
The catoblepas gores you!
You are engulfed in flames!!
You are engulfed in calcifying dust.
The catoblepas gores you but does no damage.
You are engulfed in calcifying dust.
The catoblepas gores you!!
You are engulfed in flames!!
The catoblepas breathes a plume of calcifying dust at you.
The blast of calcifying dust hits you but does no damage.
You are engulfed in calcifying dust.
The catoblepas gores you!
You are engulfed in flames!
You are engulfed in calcifying dust.
The catoblepas gores you but does no damage.
You are engulfed in calcifying dust.
The catoblepas gores you.
You are engulfed in flames!!
You turn to flesh and can move again.
You take 70 damage, and have 84/154 hp.
MASSIVE DAMAGE!!
Unknown command.
Unknown command.
Unknown command.
The catoblepas gores you!!
You are engulfed in flames!
You take 36 damage, and have 48/154 hp.
MASSIVE DAMAGE!!
You hit the catoblepas but do no damage.
The catoblepas looks as sick as possible!
You headbutt the catoblepas, but do no damage.
The catoblepas is heavily wounded.
You hit the catoblepas.
The catoblepas looks as sick as possible!
You headbutt the catoblepas, but do no damage.
The catoblepas is heavily wounded.
The catoblepas gores you but does no damage.
You puncture the catoblepas!
The catoblepas looks as sick as possible!
The catoblepas is severely wounded.
The catoblepas gores you!!
* * * LOW HITPOINT WARNING * * *
You are engulfed in flames!!
You die...

.
##....#.##≈#§##.#
.
#....#.........#
#....###.#...P#.#
#....# ###...####
##...P# #....##
##...# #...#
#.@.#
..#.####Y..#
..Y§.......#
.#######....#
#...## #...#
#...# ....# ..|.#


You could see a catoblepas (flame-wreathed, extremely poisoned).

Vanquished Creatures
  An ettin (D:11)
  A hydra (Lair:2)
  Erica (Lair:2)
  3 boulder beetles
  3 two-headed ogres
  A skyshark (Lair:2)
  Pikel (D:8)
  2 ugly things (D:12)
  An oklob plant (D:10)
  5 cyclopes
  2 black mambas (Lair:1)
  4 cane toads
  2 rime drakes
  An unseen horror (D:12)
  Psyche (D:8)
  7 komodo dragons
  5 trolls
  A hornet (D:9)
  Grinder (D:5)
  A shadow (D:12)
  6 yaks (Lair:2)
  3 wyverns
  A wraith (D:11)
  2 basilisks (Lair:1)
  2 wargs (D:11)
  8 fire elementals (Lair:1)
  A steam dragon (D:8)
  12 vampire mosquitoes
  Menkaure (D:7)
  2 acid dragons
  4 water moccasins
  6 orc warriors
  2 laughing skulls
  3 ice beasts
  An ogre (D:11)
  4 wolves (Lair:1)
  4 centaurs
  3 kobold brigands
  A lemure (D:8)
  7 bullfrogs
  3 gnoll sergeants
  2 scorpions
  5 wights (D:7)
  10 killer bees
  An electric eel (Lair:1)
  3 howler monkeys
  A lava snake (Lair:1)
  4 hounds
  A bombardier beetle (D:6)
  A jelly (D:6)
  A gnoll bouda (D:6)
  10 orc priests
  3 iguanas
  11 orc wizards
  A sleepcap (D:6)
  19 gnolls
  5 adders
  2 river rats (D:4)
  3 shadow imps
  4 white imps
  An ufetubus (D:5)
  2 dart slugs
  A ribbon worm (D:4)
  52 orcs
  10 endoplasms
  2 giant cockroaches (D:4)
  10 goblins
  4 hobgoblins
  15 jackals
  2 quokkas
  4 ball pythons
  3 bats
  4 frilled lizards
  22 kobolds
  9 rats
348 creatures vanquished.

Vanquished Creatures (others)
  3 kobolds (D:8)
3 creatures vanquished.

Grand Total: 351 creatures vanquished

Notes
Turn   | Place    | Note
-------+----------+-------------------------------------------
     0 | D:1      | jasper the Oni Cinder Acolyte began the quest for the Orb.
     0 | D:1      | Reached XP level 1. HP: 24/24 MP: 2/2
   189 | D:1      | Reached XP level 2. HP: 32/32 MP: 3/3
   458 | D:1      | Reached XP level 3. HP: 40/40 MP: 4/4
  1233 | D:2      | Found a faded altar of an unknown god.
  1631 | D:3      | Reached XP level 4. HP: 39/49 MP: 5/5
  1978 | D:3      | Found Liut's General Store.
  1987 | D:3      | Bought a potion of curing for 36 gold pieces
  1987 | D:3      | Bought a scroll of teleportation for 36 gold pieces
  2126 | D:4      | Reached skill level 5 in Fighting
  2379 | D:4      | Found a staircase to the Ecumenical Temple.
  2398 | D:4      | Reached XP level 5. HP: 42/57 MP: 6/6
  2408 | D:4      | Reached skill level 5 in Polearms
  3037 | D:4      | Reached XP level 6. HP: 67/67 MP: 7/7
  3071 | D:4      | Reached skill level 6 in Fighting
  3300 | D:5      | Entered Level 5 of the Dungeon
  3408 | D:5      | Noticed Grinder
  3412 | D:5      | Noticed a water moccasin
  3415 | D:5      | Paralysed by Grinder for 5 turns
  3425 | D:5      | Killed Grinder
  3426 | D:5      | Reached XP level 7. HP: 54/76 MP: 8/8
  3433 | D:5      | Reached skill level 7 in Fighting
  3650 | D:5      | Reached XP level 8. HP: 68/88 MP: 9/9
  3995 | D:5      | Reached skill level 8 in Fighting
  4861 | D:6      | Found an iron altar of Okawaru.
  5076 | D:6      | Reached skill level 9 in Fighting
  5660 | D:6      | Reached XP level 9. HP: 87/98 MP: 10/10
  6043 | D:7      | Noticed a hornet
  6188 | D:7      | Noticed Menkaure
  6195 | D:7      | Killed Menkaure
  6196 | D:7      | Reached skill level 10 in Polearms
  6287 | D:7      | Reached skill level 10 in Fighting
  6386 | D:8      | Noticed Psyche
  6392 | D:8      | Killed Psyche
  6853 | D:8      | Identified a scroll of acquirement
  6853 | D:8      | Acquired a +2 hat of stealth
  6994 | D:8      | Noticed Pikel
  7037 | D:8      | Killed Pikel
  7038 | D:8      | Reached skill level 11 in Fighting
  7038 | D:8      | Reached XP level 10. HP: 84/113 MP: 11/11
  7068 | D:8      | Found a burning altar of Makhleb.
  7321 | D:8      | Found a hazy altar of Hepliaklqana.
  7459 | D:8      | Found Gonio's Demolitions Depot.
  7713 | D:9      | Found a roughly hewn altar of Beogh.
  7810 | D:9      | Found a sacrificial altar of Ru.
  7840 | D:9      | Paralysed by a hornet for 3 turns
  7938 | D:9      | Upgraded the game from 0.32-a0-560-g4c7f4391e0 to
                  | 0.32-a0-571-gec57dfcd37
  8190 | D:9      | Reached skill level 12 in Fighting
  8606 | D:9      | Noticed a two-headed ogre
  8623 | D:9      | Killed a two-headed ogre
  8787 | D:10     | Entered Level 10 of the Dungeon
  8840 | D:10     | Found a shimmering blue altar of Sif Muna.
  8874 | D:10     | Found a staircase to the Lair.
  8874 | D:10     | Noticed an oklob plant
  9224 | D:10     | Reached skill level 13 in Fighting
  9224 | D:10     | Reached XP level 11. HP: 44/127 MP: 12/12
  9423 | D:10     | Found a sparkling altar of Nemelex Xobeh.
  9521 | D:10     | Found a portal to a secret trove of treasure.
  9648 | D:10     | Identified the +9 quarterstaff "Jiebuhu" {speed, rPois rC-
                  | Int+4 Dex+2}
  9793 | D:11     | Found a staircase to the Orcish Mines.
  9794 | D:11     | Noticed a two-headed ogre
  9803 | D:11     | Killed a two-headed ogre
  9846 | D:11     | Noticed a boulder beetle
  9927 | D:11     | Killed a boulder beetle
  9982 | D:11     | Noticed a two-headed ogre
  9993 | D:11     | Killed a two-headed ogre
  9994 | D:11     | Reached skill level 1 in Throwing
  9994 | D:11     | Reached skill level 1 in Armour
 10038 | D:11     | Found an iron altar of Okawaru.
 10324 | D:11     | Reached skill level 14 in Fighting
 10429 | D:11     | Noticed a cyclops
 10649 | D:10     | Killed an oklob plant
 10682 | Lair:1   | Entered Level 1 of the Lair of Beasts
 10801 | Lair:1   | Identified the +3 short sword of Generosity {spect, rElec
                  | Int+3 Dex+2}
 10920 | Lair:1   | You fall into a shaft and drop 1 floor!
 10984 | Lair:2   | Noticed Erica
 11007 | Lair:2   | Killed Erica
 11039 | Lair:2   | Noticed a skyshark
 11062 | Lair:2   | Killed a skyshark
 11178 | Lair:2   | Noticed a seven-headed hydra
 11201 | Lair:2   | Killed a seven-headed hydra
 11413 | Lair:2   | Reached XP level 12. HP: 131/140 MP: 13/13
 11424 | Lair:2   | Reached skill level 15 in Fighting
 11508 | Lair:2   | Reached skill level 5 in Throwing
 11819 | Lair:2   | Noticed a boulder beetle
 11835 | Lair:2   | Killed a boulder beetle
 11836 | Lair:2   | Reached skill level 5 in Armour
 12147 | D:11     | Fell from the grace of Ignis
 12147 | D:11     | Became a worshipper of Warmaster Okawaru
 12317 | D:11     | Identified the +7 orcbow of Gozag's Grace {flame, Int+4}
 12317 | D:11     | Identified the +4 battleaxe of Resourcefulness {speed,
                  | rPois rN+ Str+3 Dex-5}
 12360 | D:11     | Identified the +4 arbalest of Fate {drain, rElec MP+9
                  | Dex+2}
 12375 | D:11     | Noticed an ettin
 12378 | D:11     | Reached * piety under Okawaru
 12651 | D:11     | Noticed a two-headed ogre
 12823 | D:11     | Killed an ettin
 12824 | D:11     | Reached skill level 16 in Fighting
 12985 | D:12     | Identified the amulet of Feetrak {Faith rElec rN+ Regen+
                  | Dex-5}
 13021 | D:12     | Reached skill level 1 in Invocations
 13158 | D:12     | Reached ** piety under Okawaru
 13458 | D:12     | Noticed a boulder beetle
 13474 | D:12     | Killed a boulder beetle
 13559 | D:12     | Reached *** piety under Okawaru
 13810 | Lair:1   | Reached XP level 13. HP: 93/154 MP: 15/15
 14242 | Lair:1   | You fall into a shaft and drop 1 floor!
 14443 | Lair:1   | Slain by a catoblepas

Illustrated notes

Levels and vault maps discovered:
D:1:      minmay_arrival_jagged, layout_basic
D:2:      layout_basic, ebering_ecumenical_altar_ruins
D:3:      layout_basic, serial_shops, shop
D:4:      layout_loops_ring, minmay_temple_entry_slanted, portal_sewer_entry_e
D:5:      minmay_skewed_foursquare, layout_loops_ring, grunt_decor_arrowhead,
          uniq_grinder
D:6:      layout_basic, lemuel_doored_altar
D:7:      layout_loops_ring, grunt_dithmenos_smoke_and_mirrors, uniq_menkaure
D:8:      layout_gridville, mainiacjoe_overflow_alcove_4,
          mainiacjoe_overflow_surrounded_room, minmay_misc_feat_tower,
          nicolae_blasting_shop, grunt_decor_one_mirror, uniq_pikel, uniq_psyche
D:9:      layout_roguey [special_room_orc], nicolae_ru_great_annihilating_truth,
          serial_library_hellmonk_u_bend
D:10:     layout_irregular_city, general_overflow_altar,
          mainiacjoe_overflow_small_starburst, dpeg_oklobed_lair,
          nicolae_trove_entry_columns, uniq_joseph
D:11:     giant_chief_lemuel, layout_gridville, orc_0_dummy, okawaru_gym_becter
D:12:     layout_rooms
D:13:     layout_stronghold, erik_vaults_1
Lair:1:   layout_gridlike, pdpol_lair_neglected_garden, minivault_23,
          lemuel_fruit_tree
Lair:2:   layout_cave_pods, nzn_sisyphean_effort, uniq_erica

Skill      XL: |  1  2  3  4  5  6  7  8  9 10 11 12 13 |
---------------+----------------------------------------+-----
Polearms       | 4 5 6 7 9 11 13 14 | 14.0
Fighting       | 5 6 7 9 11 13 14 16 | 16.8
Throwing       | 4 7 |  7.8
Armour         | 4 6 7 |  7.1
Invocations    | 3 |  3.0
Spellcasting   | |  1.2
Fire Magic     | |  2.6

Action                     |  1- 3 |  4- 6 |  7- 9 | 10-12 | 13-15 || total
---------------------------+-------+-------+-------+-------+-------++-------
  Melee: Spear             |   114 |   192 |    28 |       |       ||   334
         Headbutt          |     7 |    29 |    42 |   140 |    24 ||   242
         Trident           |       |       |   309 |   669 |    92 ||  1070
         Glaive            |       |       |       |    73 |       ||    73
  Throw: Boomerang         |    29 |    29 |    11 |    89 |    27 ||   185
         Dart              |     2 |       |       |     6 |       ||     8
         Throwing net      |       |       |       |     1 |       ||     1
         Large rock        |       |       |       |     7 |       ||     7
         Stone             |       |       |       |     3 |       ||     3
 Invoke: Fiery Armour      |       |     2 |     2 |     1 |       ||     5
         Heroism           |       |       |       |     1 |     1 ||     2
  Evoke: Wand              |       |       |     1 |    12 |       ||    13
    Use: Scroll            |     4 |     4 |     5 |     7 |       ||    20
         Potion            |       |       |     4 |     3 |       ||     7
   Stab: Paralysed         |       |       |       |     2 |       ||     2
 Armour: Robe              |    49 |   123 |   204 |   202 |       ||   578
         Acid dragon scale |       |       |       |   380 |    66 ||   446
         Skin              |       |       |       |     8 |       ||     8
  Dodge: Dodged            |    48 |    65 |   105 |   256 |    28 ||   502

Table legend: (Time is in decaauts)
 A = Elapsed time spent in this place.
 B = Non-inter-level travel time spent in this place.
 C = Inter-level travel time spent in this place.
 D = Time resting spent in this place.
 E = Time spent auto-exploring this place.
 F = Levels seen in this place.
 G = Mean time per level.
                   A        B        C        D        E       F      G
               +--------+--------+--------+--------+--------+-----+--------+
         Total |  14101 |  13489 |    612 |   1666 |   9092 |  15 |  940.1 |
       Dungeon |  12280 |  11761 |    519 |   1434 |   8004 |  13 |  944.6 |
          Lair |   1820 |   1727 |     93 |    232 |   1088 |   2 |  910.0 |
               +--------+--------+--------+--------+--------+-----+--------+

Top non-repeatable levels by time:
    D:11: 1736 daAuts
     D:6: 1504 daAuts
     D:8: 1316 daAuts
     D:5: 1236 daAuts
     D:4: 1163 daAuts
    D:10: 1159 daAuts
     D:9: 1089 daAuts
  Lair:2: 956 daAuts
  Lair:1: 864 daAuts
     D:2: 831 daAuts
     D:1: 750 daAuts
    D:12: 708 daAuts
     D:3: 535 daAuts
     D:7: 246 daAuts
    D:13: 1 daAuts
